 Dungeon Crawl Stone Soup version 0.22-a0-608-g8a62e23 (webtiles) character file.

217 sking99 the Ruffian (level 5, 0/45 HPs)
             Began as a Draconian Transmuter on July 9, 2018.
             Slain by an iguana (4 damage)
             ... on level 4 of the Dungeon.
             The game lasted 00:04:28 (2894 turns).

sking99 the Ruffian (Draconian Transmuter)          Turns: 2894, Time: 00:04:29

Health: 0/45       AC:  7    Str: 13    XL:     5   Next: 62%
Magic:  7/8        EV: 12    Int: 13    God:
Gold:   186        SH:  0    Dex: 12    Spells: 5/8 levels left

rFire    . . .     SeeInvis .     - Unarmed
rCold    . . .     Gourm    .   (no shield)
rNeg     . . .     Faith    .   (armour unavailable)
rPois    .         Spirit   .   d - +2 hat
rElec    .         Reflect  .   (no cloak)
rCorr    .         Harm     .   (no gloves)
MR       .....                  (no boots)
Stlth    +.........             (no amulet)
HPRegen  0.15/turn              (no ring)
MPRegen  0.11/turn              (no ring)

@: appendage
A: unfitting armour, horns 2, cold-blooded, AC +5
a: End Transformation


You were on level 4 of the Dungeon.
You were not hungry.
You had grown temporary horns.
You visited 1 branch of the dungeon, and saw 4 of its levels.

You collected 186 gold pieces.

Inventory:

Missiles
 a - 42 arrows
 l - a throwing net (quivered)
Armour
 d - a +2 hat (worn)
Jewellery
 o - an uncursed ring of flight {unknown}
 p - an uncursed ring of magical power {unknown}
 s - an uncursed ring of wizardry {unknown}
Scrolls
 i - a scroll of fear
 j - 2 scrolls of enchant armour
Potions
 b - 3 potions of curing
 f - 2 potions of flight
 h - a potion of heal wounds
 k - a potion of magic {unknown}
 n - a potion of brilliance {unknown}
 r - a potion of agility {unknown}
Comestibles
 c - 4 rations
 t - 13 chunks of flesh


   Skills:
 + Level 3.2 Fighting
 - Level 1.7 Dodging
 * Level 5.1 Unarmed Combat
 - Level 2.0 Spellcasting
 + Level 3.2 Transmutations


You had 5 spell levels left.
You knew the following spells:

 Your Spells              Type           Power        Failure   Level  Hunger
a - Beastly Appendage     Tmut           #.....       7%          1    ##.....
b - Sticks to Snakes      Tmut           #.......     11%         2    ###....

Your spell library contained the following spells:

 Spells                   Type           Power        Failure   Level  Hunger
 Confuse                  Hex            #.......     58%         3    ####...
 Tukima's Dance           Hex            #.......     58%         3    ####...
 Spider Form              Tmut/Pois      #.........   36%         3    ####...
 Blade Hands              Tmut           #.........   88%         5    ######.
 Ice Form                 Ice/Tmut       #.......     78%         4    #####..
 Ensorcelled Hibernation  Hex/Ice        #.....       36%         2    ###....
 Corona                   Hex            #......      26%         1    ##.....
 Dazzling Spray           Conj/Hex       #.....       58%         3    ####...


Dungeon Overview and Level Annotations

Branches:
Dungeon (4/15)
 Temple: D:4-7

Altars:
Fedhas
Uskayaw
Xom


Innate Abilities, Weirdness & Mutations

Your plain brown scales are hard. (AC +5)
You cannot fit into any form of body armour.
You are cold-blooded and may be slowed by cold attacks.
You have a pair of horns on your head.


Message History

The iguana is heavily wounded.
The iguana bites you!
You hit the iguana.
You tail-slap the iguana, but do no damage.
The iguana is severely wounded.
The iguana bites you.
You are too injured to fight recklessly!
You hit the iguana but do no damage.
You tail-slap the iguana, but do no damage.
The iguana is severely wounded.
The iguana bites you!
* * * LOW HITPOINT WARNING * * *
Casting: Beastly Appendage (safe; 7% risk of failure)
Confirm with . or Enter, or press ? or * to list all spells.
You grow a pair of large bovine horns.
The iguana bites you!
* * * LOW HITPOINT WARNING * * *
You hit the iguana but do no damage.
The iguana is severely wounded.
The iguana bites you.
You die...

##..$###
#......
#....# #.#
#.#.# ...
#...# #.#
#.### #.#
#.#
#.#######.##
#.#...@l...#
#.#.#####.##
#<........#
###.#######
#<# #.# #.#
#.# #.#


You could see an iguana.

Vanquished Creatures
  The ghost of sking99 the Sneak, an amateur SpEn (D:3)
  An orc wizard (D:3)
  2 adders (D:3)
  An ooze (D:1)
  A worm (D:3)
  4 dart slugs (D:1)
  5 leopard geckos
  9 orcs (D:3)
  6 bats
  2 giant cockroaches (D:3)
  5 hobgoblins
  2 jackals (D:3)
  3 quokkas
  3 ball pythons
  3 frilled lizards
  7 kobolds
  8 rats
63 creatures vanquished.

Vanquished Creatures (collateral kills)
  A bat (D:3)
1 creature vanquished.

Grand Total: 64 creatures vanquished

Notes
Turn   | Place    | Note
-------+----------+-------------------------------------------
     0 | D:1      | sking99 the Draconian Transmuter began the quest for the Orb.
     0 | D:1      | Reached XP level 1. HP: 16/16 MP: 3/3
    84 | D:1      | Found a stormy altar of Qazlal.
    86 | D:1      | Found a blossoming altar of Fedhas.
    86 | D:1      | Found a hide-covered altar of Uskayaw.
    88 | D:1      | Found a blossoming altar of Fedhas.
    88 | D:1      | Found a burning altar of Makhleb.
    88 | D:1      | Found a shimmering altar of Xom.
   266 | D:1      | Reached XP level 2. HP: 23/23 MP: 5/5
   297 | D:1      | Learned a level 2 spell: Sticks to Snakes
   742 | D:1      | Reached XP level 3. HP: 29/29 MP: 6/6
  1479 | D:3      | Reached skill level 4 in Unarmed Combat
  1487 | D:3      | Reached XP level 4. HP: 24/37 MP: 7/7
  1857 | D:3      | Found a runed door.
  1860 | D:3      | Noticed sking99's ghost (amateur SpEn)
  2004 | D:3      | Killed sking99's ghost
  2004 | D:3      | Reached XP level 5. HP: 19/45 MP: 2/8
  2366 | D:3      | Reached skill level 5 in Unarmed Combat
  2894 | D:4      | Slain by an iguana

Vault maps used:
D:1:      dpeg_arrival_ternary, doesnt_xom_only_xom
D:2:      first_ration, minmay_misc_feat_hallway, nrook_loot_triangle,
          fountainhead
D:3:      gammafunk_ghost_grave
D:4:      kennysheep_generic_room_3

Skill      XL: |  1  2  3  4  5 |
---------------+----------------+-----
Fighting       | 2 3 |  3.2
Unarmed Combat | 4 5 |  5.1
Transmutations | 3 |  3.2
Dodging        | |  1.7
Spellcasting   | |  2.0

Action                   |  1- 3 |  4- 6 || total
-------------------------+-------+-------++-------
Melee: Unarmed           |   119 |   167 ||   286
       Tailslap          |    10 |    13 ||    23
       Punch             |     1 |     2 ||     3
       Kick              |       |    11 ||    11
       Headbutt          |       |     2 ||     2
 Cast: Sticks to Snakes  |       |     4 ||     4
       Beastly Appendage |       |     4 ||     4
  Use: Potion            |       |     1 ||     1
       Scroll            |       |     7 ||     7
 Stab: Sleeping          |     3 |     2 ||     5
       Distracted        |       |     1 ||     1
  Eat: Chunk             |     2 |     5 ||     7
Armor: Skin              |    38 |    48 ||    86
Dodge: Dodged            |    59 |    85 ||   144

Table legend:
 A = Spawn XP
 B = Non-spawn XP
 C = Spawn XP percentage of total XP
 D = Spawn monster count
 E = Non-spawn monster count
 F = Spawn count percentage of total count
 G = Total turns spent on level
                    A         B        C        D         E        F      G
               +---------+---------+-------+---------+---------+-------+---------
         Total |       0 |     311 |   0.0 |       0 |      64 |   0.0 |  2894
               +---------+---------+-------+---------+---------+-------+---------
           D:1 |       0 |      46 |   0.0 |       0 |      23 |   0.0 |   881
           D:2 |       0 |      18 |   0.0 |       0 |       9 |   0.0 |   556
           D:3 |       0 |     247 |   0.0 |       0 |      32 |   0.0 |  1415
               +---------+---------+-------+---------+---------+-------+---------
